 Dungeon Sprint DCSS version 0.17-a0-1468-gbf503c2 (webtiles) character file.

5030 pulse the Carver (level 10, -1/91 HPs)
             Began as a Formicid Fighter on July 1, 2015.
             Was the Champion of Trog.
             Killed from afar by a lindwurm (30 damage)
             ... with a blast of flame
             ... in the Dungeon (Sprint IX: "|||||||||||||||||||||||||||||").
             The game lasted 00:04:10 (1302 turns).

pulse the Carver (Formicid Fighter)                 Turns: 1302, Time: 00:04:10

Health: -1/91      AC: 17    Str: 28    XL:     10   Next: 85%
Magic:  4/4        EV:  9    Int: 10    God:    Trog [******]
Gold:   0          SH: 13    Dex: 10    Spells: 0 memorised, 9 levels left

rFire  . . .     SeeInvis +     l - +2 falchion (antimagic)
rCold  . . .     Clarity  .     t - +0 plate armour
rNeg   . . .     SustAt   .     c - +0 shield
rPois  .         Gourm    .     (helmet unavailable)
rElec  .         Spirit   .     (no cloak)
rCorr  .         Warding  .     (no gloves)
rMut   .         Stasis   +     q - +0 pair of boots
MR     +....                    (no amulet)
Stlth  ..........               r - +3 ring of intelligence
                                s - +3 ring of strength

@: somewhat resistant to hostile enchantments, extremely unstealthy
A: permanent stasis, dig shafts and tunnels, four strong arms, antennae 3
a: Dig, Burn Spellbooks, Trog's Hand, Brothers in Arms, Renounce Religion


You were in the Dungeon.
You worshipped Trog.
Trog was exalted by your worship.
You were not hungry.

You visited 1 branch

Inventory:

Hand weapons
 a - a +0 long sword
 l - a +2 antimagic falchion (weapon)
 p - a +2 scimitar of protection
Armour
 c - a +0 shield (worn)
 q - a +0 pair of boots (worn)
 t - a +0 plate armour (worn)
Jewellery
 r - a +3 ring of intelligence (right hand)
 s - a +3 ring of strength (left hand)
Magical devices
 o - a wand of draining (3)
Scrolls
 k - 2 scrolls of blinking
 m - 4 scrolls of remove curse
 n - 2 scrolls of amnesia
 u - a scroll of immolation
 v - 4 scrolls of enchant weapon
 w - a scroll of recharging
 x - a scroll of fear
Potions
 b - a potion of agility
 d - a potion of cure mutation
 f - 4 potions of curing
 g - 4 potions of heal wounds
 h - a potion of haste
 i - 4 potions of magic
 j - a potion of berserk rage


   Skills:
 + Level 12.8 Fighting
 * Level 13.4 Long Blades
 + Level 13.4 Armour
 - Level 2.6 Dodging
 + Level 1.8 Stealth
 + Level 13.1 Shields
 + Level 3.2 Evocations


You had 9 spell levels left.
You didn't know any spells.

Dungeon Overview and Level Annotations

Branches:
Dungeon (1/1)

Altars:
Cheibriados
Dithmenos
Elyvilon
Fedhas
Gozag
Kikubaaqudgha
Makhleb
Nemelex Xobeh
Okawaru
Qazlal
Ru
Sif Muna
Trog
Vehumet
Xom
Yredelemnul
Zin
The Shining One
Beogh
Jiyva
Lugonu


Innate Abilities, Weirdness & Mutations

You are under a permanent stasis effect.
You can dig through walls and to a lower floor.
Your four strong arms can wield two-handed weapons with a shield.
You have a pair of large antennae on your head (SInv).


Message History

The lindwurm is lightly wounded.
The lindwurm bites you but does no damage.
The lindwurm closely misses you. The lindwurm barely misses you.
You slash the lindwurm!
The lindwurm is moderately wounded.
You hit the lindwurm but do no damage.
The lindwurm is moderately wounded.
You block the lindwurm's attack.
The lindwurm claws you but does no damage. x2
You completely miss the lindwurm.
The lindwurm is moderately wounded.
You block the lindwurm's attack. x2
The lindwurm claws you but does no damage.
You hit the lindwurm.
The lindwurm is moderately wounded.
You hit the lindwurm but do no damage.
The lindwurm is moderately wounded.
The lindwurm breathes flames at you. The blast of flame hits you!
You die...

▓▓▓▓▓▓▓▓▓▓▓▓▓▓▓▓▓▓▓▓▓▓▓▓▓▓▓▓▓▓▓▓▓
...)....†)'...[.)|..'____________
▓▓▓▓▓▓▓▓▓▓▓▓▓▓▓▓▓▓▓▓▓▓▓▓▓▓▓▓▓▓▓▓▓
.................................
▓▓▓▓▓▓▓▓▓▓▓▓▓▓▓▓▓▓▓▓▓▓▓▓▓▓▓▓▓▓▓▓▓
(...kkk@)'.........'.†..
▓▓▓▓▓▓▓▓▓▓▓▓▓▓▓▓▓▓▓▓▓▓▓▓ { {


{{{{{ { { { {{{{{ {{{{{{{{{{{{ You could see 3 lindwurms.

Vanquished Creatures
  A hydra (D)
  A centaur warrior (D)
  A hill giant (D)
  A lindwurm (D)
  A griffon (D)
  2 spiny frogs (D)
  2 trolls (D)
  2 yaks (D)
  A basilisk (D)
  A porcupine (D)
  2 water moccasins (D)
  3 crocodiles (D)
  A big kobold (D)
  2 brain worms (D)
  2 giant frogs (D)
  4 iguanas (D)
  A hound (D)
  A jelly (D)
  A sheep (D)
  An adder (D)
  2 worms (D)
  An orc (D)
  A bat skeleton (D)
  A goblin (D)
  A hobgoblin (D)
  2 giant newts (D)
  A jackal zombie (D)
  2 kobolds (D)
  3 rats (D)
45 creatures vanquished.

Vanquished Creatures (others)
  A spatial maelstrom (D)
1 creature vanquished.

Grand Total: 46 creatures vanquished

Notes
Turn   | Place    | Note
--------------------------------------------------------------
     0 | D        | pulse the Formicid Fighter began the quest for the Orb.
     0 | D        | Reached XP level 1. HP: 18/18 MP: 1/1
     5 | D        | Banished a spatial maelstrom
    10 | D        | Reached skill level 4 in Shields
    59 | D        | Noticed a hound
    62 | D        | Reached XP level 2. HP: 24/26 MP: 2/2
    72 | D        | Reached skill level 5 in Shields
    90 | D        | Killed a hound
    90 | D        | Reached skill level 5 in Fighting
    90 | D        | Reached skill level 5 in Armour
    90 | D        | Reached XP level 3. HP: 22/33 MP: 3/3
   181 | D        | Found a glowing silver altar of Zin.
   181 | D        | Found a glowing golden altar of the Shining One.
   181 | D        | Found an ancient bone altar of Kikubaaqudgha.
   181 | D        | Found a basalt altar of Yredelemnul.
   181 | D        | Found a shimmering altar of Xom.
   181 | D        | Found a radiant altar of Vehumet.
   182 | D        | Found an iron altar of Okawaru.
   183 | D        | Found a burning altar of Makhleb.
   184 | D        | Found a deep blue altar of Sif Muna.
   185 | D        | Found a bloodstained altar of Trog.
   186 | D        | Found a sparkling altar of Nemelex Xobeh.
   187 | D        | Found a white marble altar of Elyvilon.
   188 | D        | Found a roughly hewn altar of Beogh.
   189 | D        | Found a viscous altar of Jiyva.
   190 | D        | Found a corrupted altar of Lugonu.
   191 | D        | Found a blossoming altar of Fedhas.
   192 | D        | Found a snail-covered altar of Cheibriados.
   193 | D        | Found a shadowy altar of Dithmenos.
   194 | D        | Found a stormy altar of Qazlal.
   195 | D        | Found an opulent altar of Gozag.
   196 | D        | Found a sacrificial altar of Ru.
   248 | D        | Became a worshipper of Trog the Wrathful
   288 | D        | Noticed a troll
   288 | D        | Noticed a troll
   288 | D        | Noticed a hill giant
   288 | D        | Noticed a jelly
   289 | D        | Killed a jelly
   289 | D        | Reached skill level 6 in Shields
   289 | D        | Reached XP level 4. HP: 39/39 MP: 4/4
   290 | D        | Acquired Trog's first power
   305 | D        | Killed a hill giant
   305 | D        | Reached skill level 8 in Fighting
   305 | D        | Reached skill level 9 in Armour
   305 | D        | Reached XP level 5. HP: 23/51 MP: 5/5
   305 | D        | Reached XP level 6. HP: 25/57 MP: 6/6
   305 | D        | Reached XP level 7. HP: 27/63 MP: 7/7
   310 | D        | Killed a troll
   310 | D        | Acquired Trog's second power
   310 | D        | Reached skill level 1 in Evocations
   310 | D        | Reached XP level 8. HP: 25/71 MP: 8/8
   312 | D        | Killed a troll
   312 | D        | Reached skill level 10 in Armour
   312 | D        | Reached skill level 10 in Shields
   321 | D        | Noticed a centaur warrior
   321 | D        | Noticed a yak
   321 | D        | Noticed a giant frog
   321 | D        | Noticed a big kobold
   331 | D        | Killed a big kobold
   331 | D        | Reached skill level 10 in Fighting
   334 | D        | Killed a giant frog
   338 | D        | Killed a yak
   345 | D        | Killed a centaur warrior
   345 | D        | Reached skill level 11 in Fighting
   345 | D        | Reached XP level 9. HP: 21/81 MP: 8/10
   654 | D        | Noticed a yak
   654 | D        | Noticed a water moccasin
   654 | D        | Noticed a crocodile
   654 | D        | Noticed a basilisk
   654 | D        | Noticed an iguana
   655 | D        | Killed an iguana
   657 | D        | Noticed a spiny frog
   659 | D        | Killed a basilisk
   659 | D        | Acquired Trog's third power
   663 | D        | Noticed an iguana
   665 | D        | Noticed an iguana
   671 | D        | Killed a crocodile
   675 | D        | Killed a water moccasin
   688 | D        | Killed a yak
   692 | D        | Killed a spiny frog
   692 | D        | Reached skill level 12 in Long Blades
   696 | D        | Killed an iguana
   704 | D        | Killed an iguana
   704 | D        | Reached XP level 10. HP: 68/89 MP: 11/11
   770 | D        | Noticed a porcupine
   770 | D        | Noticed a griffon
   770 | D        | Noticed a crocodile
   770 | D        | Noticed an eight-headed hydra
   770 | D        | Noticed a water moccasin
   770 | D        | Noticed an iguana
   776 | D        | Noticed a giant frog
   777 | D        | Noticed a spiny frog
   821 | D        | Killed a 14-headed hydra
   827 | D        | Killed a griffon
   831 | D        | Killed an iguana
   837 | D        | Killed a water moccasin
   839 | D        | HP: 2/90 [crocodile (13)]
   843 | D        | Killed a crocodile
   843 | D        | Received a gift from Trog
   843 | D        | Reached skill level 13 in Long Blades
   843 | D        | Reached skill level 1 in Stealth
   851 | D        | Killed a porcupine
   858 | D        | Killed a spiny frog
   934 | D        | Noticed a crocodile
   935 | D        | Killed a giant frog
   943 | D        | Killed a crocodile
  1260 | D        | Noticed a lindwurm
  1260 | D        | Noticed a brain worm
  1260 | D        | Noticed a lindwurm
  1260 | D        | Noticed a brain worm
  1264 | D        | Killed a brain worm
  1273 | D        | Killed a lindwurm
  1277 | D        | Received a gift from Trog
  1281 | D        | Killed a brain worm
  1282 | D        | Noticed a lindwurm
  1286 | D        | Noticed a lindwurm
  1302 | D        | Killed from afar by a lindwurm

Vault maps used:
D:        linesprint

Action                   |  1- 3 |  4- 6 |  7- 9 | 10-12 || total
-------------------------+-------+-------+-------+-------++-------
Melee: Long sword        |    38 |    12 |    80 |    44 ||   174
       Falchion          |       |       |       |    45 ||    45
Invok: Trog's Hand       |       |       |       |     1 ||     1
       Brothers in Arms  |       |       |       |     1 ||     1
Evoke: Wand              |       |     2 |     1 |     6 ||     9
  Use: Potion            |       |     2 |       |     6 ||     8
       Scroll            |       |       |       |     1 ||     1
 Stab: Invisible         |       |       |       |     1 ||     1
  Eat: Bread ration      |       |       |       |     1 ||     1
